 Dungeon Crawl Stone Soup version 0.31-a0-180-g519b7de00c (webtiles) character file.

Game seed: 18412274233865734111

5612 MCDelver the Destroyer (level 10, 0/69 HPs)
             Began as an Octopode Conjurer on June 19, 2023.
             Was an Initiate of Gozag.
             Killed from afar by a gargoyle (17 damage)
             ... with a stone arrow
             ... on level 10 of the Dungeon.
             The game lasted 00:39:06 (12601 turns).

MCDelver the Destroyer (Octopode Conjurer)         Turns: 12601, Time: 00:39:07

Health: 0/69       AC:  5    Str: 19    XL:     10   Next: 73%
Magic:  5/28       EV: 13    Int: 23    God:    Gozag
Gold:   855        SH:  0    Dex: 14    Spells: 5/21 levels left

rFire   . . .        k - +3 quarterstaff of World's End {heavy, rPois Dex+2 SInv}
rCold   . . .        (shield currently unavailable)
rNeg    + . .        (helmet restricted)
rPois   +            w - amulet of regeneration
rElec   .            j - +6 ring of strength
rCorr   .            v - ring of magical power
SInv    +            x - ring of positive energy
Will    .....        y - +4 ring of protection
Stlth   +++          B - +6 ring of strength
HPRegen 1.11/turn    (no ring)
MPRegen 0.21/turn    (no ring)
                     (no ring)

%: no passive effects
@: no status effects
A: almost no armour, amphibious, 8 rings, camouflage 1, gelatinous body 1,
(nimble swimmer 1), tentacles
a: Renounce Religion, Potion Petition, Call Merchant, Bribe Branch


You were on level 10 of the Dungeon.
You worshipped Gozag.
Gozag was pleased with you.
You visited 2 branches of the dungeon, and saw 11 of its levels.

You collected 1399 gold pieces.
You spent 494 gold pieces at shops.
You paid 50 gold pieces to Gozag.

Inventory:

Hand Weapons
 i - a +0 dagger of draining
 k - the +3 quarterstaff of World's End (weapon) {heavy, rPois Dex+2 SInv}
   (You found it on level 7 of the Dungeon)

   Dex:       It affects your dexterity (+2).
   rPois:     It protects you from poison.
   SInv:      It lets you see invisible.
 F - a +4 long sword
Jewellery
 j - a +6 ring of strength (left tentacle)
 v - a ring of magical power (right tentacle)
 w - an amulet of regeneration (around mantle)
 x - a ring of positive energy (on tentacle)
 y - a +4 ring of protection (on tentacle)
 B - a +6 ring of strength (on tentacle)
 C - a ring of positive energy
Wands
 G - a wand of acid (1)
Scrolls
 d - 2 scrolls of vulnerability {unknown}
 e - a scroll of fog {unknown}
 f - a scroll of enchant weapon
 o - a scroll of poison {unknown}
 p - a scroll of brand weapon
 r - a scroll of silence
 s - a scroll of teleportation
 z - 2 scrolls of enchant armour {unknown}
 A - a scroll of immolation
 D - 2 scrolls of torment {unknown}
 E - a scroll of acquirement {unknown}
 H - a scroll of fear
Potions
 a - a potion of magic
 b - a potion of might {unknown}
 c - 2 potions of brilliance {unknown}
 g - 3 potions of curing
 h - a potion of ambrosia {unknown}
 l - 3 potions of enlightenment {unknown}
 m - 2 potions of attraction {unknown}
 n - a potion of invisibility {unknown}
 q - a potion of resistance {unknown}
 t - 3 potions of heal wounds
 u - 2 potions of degeneration {unknown}


   Skills:
 + Level 6.5 Fighting
 - Level 2.1 Dodging
 - Level 3.0 Stealth
 - Level 6.0 Spellcasting
 - Level 10.0 Conjurations
 - Level 6.0 Translocations
 + Level 7.8 Poison Magic


You had 5 spell levels left.
You knew the following spells:

 Your Spells              Type           Power      Damage    Failure   Level
a - Magic Dart            Conj           100%       1d8       1%          1
b - Searing Ray           Conj           100%       2d8       1%          2
c - Iskenderun's Mystic   Conj/Tloc      43%        2d10      3%          4
d - Olgreb's Toxic Radia  Pois           43%        N/A       3%          4
e - Borgnjor's Vile Clut  Necr/Erth      3%         N/A       93%         5

Your spell library contained the following spells:

 Spells                   Type           Power      Damage    Failure   Level
 Sting                    Tmut/Pois      96%        1d7       1%          1
 Poisonous Vapours        Pois/Air       48%        N/A       2%          2
 Dazzling Flash           Conj/Hex       58%        N/A       3%          3
 Spider Form              Tmut/Pois      24%        N/A       4%          3
 Fulminant Prism          Conj/Hex       14%        3d8       11%         4
 Ensorcelled Hibernation  Hex/Ice        12%        N/A       13%         2
 Ozocubu's Armour         Ice            6%         N/A       26%         3
 Alistair's Intoxication  Tmut/Pois      16%        N/A       43%         5
 Anguish                  Hex/Necr       3%         N/A       63%         4
 Agony                    Necr           6%         N/A       93%         5
 Metabolic Englaciation   Hex/Ice        3%         N/A       93%         5
 Silence                  Hex/Air        3%         N/A       93%         5
 Eringya's Noxious Bog    Tmut/Pois      12%        N/A       95%         6
 Simulacrum               Ice/Necr       Unusable   N/A       N/A         6

Dungeon Overview and Level Annotations

Branches:
Dungeon (10/15)            Temple (1/1) D:4            Lair (0/5) D:9
    Orc: D:9-12

Altars:
Ashenzari
Cheibriados
Dithmenos
Elyvilon
Fedhas
Gozag
Hepliaklqana
Kikubaaqudgha
Makhleb
Nemelex Xobeh
Okawaru
Qazlal
Ru
Sif Muna
Trog
Uskayaw
Vehumet
Wu Jian
Xom
Yredelemnul
Zin
The Shining One

Shops:
D:9 :

Annotations:
D:2 Sigmund
D:6 1 runed translucent door, Takeo's ghost, novice DjTm
D:9 bmj180's ghost, journeyman MfIE
D:10 Gastronok


Innate Abilities, Weirdness & Mutations

You cannot wear most types of armour.
You are amphibious.
You can wear up to eight rings at the same time.
Your skin changes colour to match your surroundings (Stealth+).
Your rubbery body absorbs attacks. (AC +1, EV +1)
((You are camouflaged when in or above water. (Stealth+)))
You have tentacles for arms and can constrict up to eight enemies at once.


Message History

The gargoyle is knocked back by the mystic blast.
The gargoyle slams into the rock wall!
The gargoyle is heavily damaged.
Casting: Iskenderun's Mystic Blast (dangerous; 3% risk of failure)
Confirm with . or Enter, or press ? or * to list all spells.
You erupt in a blast of force!
The mystic blast hits the gargoyle but does no damage.
The gargoyle is heavily damaged.
The gargoyle misses you.
Casting: Iskenderun's Mystic Blast (dangerous; 3% risk of failure)
Confirm with . or Enter, or press ? or * to list all spells.
You erupt in a blast of force!
The mystic blast hits the gargoyle but does no damage.
The gargoyle is heavily damaged.
The gargoyle hurls a stone arrow at you.
The stone arrow hits you!
Casting: Iskenderun's Mystic Blast (dangerous; 3% risk of failure)
Confirm with . or Enter, or press ? or * to list all spells.
You erupt in a blast of force!
The mystic blast hits the gargoyle but does no damage.
The gargoyle is heavily damaged.
The gargoyle hurls a stone arrow at you.
The stone arrow hits you!!
Casting: Iskenderun's Mystic Blast (dangerous; 3% risk of failure)
Confirm with . or Enter, or press ? or * to list all spells.
You erupt in a blast of force!
The mystic blast hits the gargoyle but does no damage.
The gargoyle is heavily damaged.
The gargoyle hurls a stone arrow at you.
The stone arrow hits you!!
* * * LOW HITPOINT WARNING * * *
Casting: Iskenderun's Mystic Blast (dangerous; 3% risk of failure)
Confirm with . or Enter, or press ? or * to list all spells.
You erupt in a blast of force!
The mystic blast hits the gargoyle but does no damage.
The gargoyle is heavily damaged.
The gargoyle hurls a stone arrow at you.
The stone arrow hits you!
You die...
Your body crumbles into a pile of gold.

# #.#..####..###....##.....## #.
###...####....##...........## #.
.##...........#....###...#..#####
.##....###.........# ##..###..#.#
.....### #.###.###.###..## ###..#
...### #.# #.##....##.## ###.#
.##.### #.###.#..#.####.# ##....
####..####.....9.##.# #.# #.##..
9###9##...#####.@##.# ### #####.
#..#.####.# ##.#### #... ##..##
### #.# ###. #### ### ##


You could see a gargoyle.

Vanquished Creatures
  A rime drake (D:9)
  A polar bear (D:9)
  A shadow (D:9)
  6 yaks
  2 humans (D:7)
  2 water moccasins
  A sky beast (D:6)
  A black bear (D:6)
  4 orc warriors
  5 ice beasts (D:9)
  A boggart (D:9)
  An ogre (D:7)
  A wolf (D:9)
  2 centaurs
  A phantom (D:4)
  A kobold brigand (D:9)
  A bullfrog (D:7)
  A gnoll sergeant (D:7)
  15 wights
  5 howler monkeys
  A crimson imp (D:7)
  5 jellies
  7 orc priests
  2 hounds (D:6)
  A sleepcap (D:6)
  Jessica (D:2)
  3 iguanas
  8 orc wizards
  Robin (D:2)
  2 adders
  3 gnolls (D:7)
  A white imp (D:6)
  A worm (D:2)
  A dart slug (D:1)
  28 orcs
  8 bats
  6 endoplasms
  2 giant cockroaches
  12 hobgoblins
  4 jackals (D:3)
  11 kobolds
  3 quokkas
  7 ball pythons
  4 frilled lizards
  15 goblins
  5 rats
195 creatures vanquished.

Notes
Turn   | Place    | Note
-------+----------+-------------------------------------------
     0 | D:1      | MCDelver the Octopode Conjurer began the quest for the Orb.
     0 | D:1      | Reached XP level 1. HP: 11/11 MP: 3/3
   152 | D:1      | Reached XP level 2. HP: 17/17 MP: 5/5
   437 | D:1      | Learned a level 2 spell: Searing Ray
   644 | D:1      | Found a faded altar of an unknown god.
   651 | D:1      | Reached XP level 3. HP: 21/21 MP: 2/6
  1582 | D:2      | Noticed Sigmund
  1661 | D:2      | Reached XP level 4. HP: 27/27 MP: 3/8
  1707 | D:2      | Noticed Jessica
  1713 | D:2      | Killed Jessica
  1714 | D:2      | Reached skill level 5 in Conjurations
  1840 | D:2      | Noticed Robin
  1866 | D:2      | Killed Robin
  2640 | D:3      | Reached XP level 5. HP: 31/31 MP: 3/9
  3673 | D:3      | Learned a level 4 spell: Iskenderun's Mystic Blast
  3855 | D:4      | Reached skill level 6 in Conjurations
  3855 | D:4      | Reached XP level 6. HP: 36/36 MP: 2/11
  4302 | D:4      | Found a staircase to the Ecumenical Temple.
  4318 | D:4      | Found a hide-covered altar of Uskayaw.
  4323 | Temple   | Entered the Ecumenical Temple
  4363 | Temple   | Became a worshipper of Gozag Ym Sagoz the Greedy
  4578 | D:5      | Entered Level 5 of the Dungeon
  5010 | D:5      | Noticed a water moccasin
  5335 | D:5      | Reached XP level 7. HP: 41/41 MP: 13/13
  5482 | D:5      | Reached skill level 7 in Conjurations
  5694 | D:6      | Found a shadowy altar of Dithmenos.
  5704 | D:6      | Reached skill level 1 in Translocations
  5816 | D:6      | Found a snail-covered altar of Cheibriados.
  5819 | D:6      | Found an ancient bone altar of Kikubaaqudgha.
  5819 | D:6      | Found a hazy altar of Hepliaklqana.
  5819 | D:6      | Noticed a yak
  5834 | D:6      | Found a blossoming altar of Fedhas.
  6077 | D:6      | Reached XP level 8. HP: 41/46 MP: 15/15
  6220 | D:6      | Reached skill level 8 in Conjurations
  6277 | D:6      | Found a runed translucent door.
  6296 | D:6      | Reached skill level 5 in Spellcasting
  6636 | D:6      | Noticed a yak
  7013 | D:6      | Noticed Takeo's ghost (novice DjTm)
  7097 | D:6      | Found a shimmering blue altar of Sif Muna.
  7099 | D:6      | Noticed a yak
  7177 | D:6      | Killed a yak
  7309 | D:6      | Killed a yak
  7310 | D:6      | Reached skill level 9 in Conjurations
  7325 | D:6      | Killed a yak
  7326 | D:6      | Reached XP level 9. HP: 24/51 MP: 1/17
  7732 | D:7      | Identified the +3 quarterstaff of World's End {heavy, rPois
                  | Dex+2 SInv}
  8039 | D:7      | Learned a level 4 spell: Olgreb's Toxic Radiance
  8124 | D:7      | Found a burning altar of Makhleb.
  8434 | D:7      | Found an iron altar of Okawaru.
  8446 | D:7      | Reached skill level 1 in Fighting
  8446 | D:7      | Reached skill level 1 in Poison Magic
  9043 | D:8      | Reached skill level 10 in Conjurations
  9068 | D:8      | Reached skill level 5 in Translocations
  9625 | D:8      | Found a radiant altar of Vehumet.
 10129 | D:9      | Found a runed translucent door.
 10189 | D:9      | Noticed bmj180's ghost (journeyman MfIE)
 10242 | D:9      | Reached XP level 10. HP: 47/63 MP: 16/19
 10377 | D:9      | Found a staircase to the Lair.
 10406 | D:9      | Reached skill level 5 in Poison Magic
 10714 | D:9      | Found Doeg's Book Boutique.
 10739 | D:9      | Reached skill level 5 in Fighting
 11198 | D:9      | Noticed a boulder beetle
 12135 | D:9      | Bought Great Wizards, Vol. II for 494 gold pieces
 12141 | D:9      | Learned a level 5 spell: Borgnjor's Vile Clutch
 12238 | D:10     | Entered Level 10 of the Dungeon
 12412 | D:10     | Found a glowing golden altar of the Shining One.
 12549 | D:10     | Noticed a gargoyle
 12550 | D:10     | Noticed Gastronok
 12601 | D:10     | Killed from afar by a gargoyle

Illustrated notes

Levels and vault maps discovered:
D:1:      lemuel_arrival_river_bridge, layout_basic,
          chequers_ecumenical_altar_simple_redux
D:2:      minmay_alternating_diamond, layout_rooms, uniq_sigmund, uniq_robin,
          uniq_jessica
D:3:      layout_basic, minmay_pentangle
D:4:      layout_gridville, nicolae_overflow_crystal_walls,
          minmay_temple_entry_trees
D:5:      layout_gridville
D:6:      layout_loops_ring, nicolae_overflow_hallway_of_the_gods,
          nicolae_overflow_hidden_temple, ebering_ghost_reflecting_pool
D:7:      layout_basic, okawaru_humans, makhleb_grotto_becter
D:8:      layout_loops_ring, mainiacjoe_overflow_small_starburst,
          lemuel_flamethrower_2
D:9:      layout_stronghold, hellmonk_lair_entry_icy, ebering_ghost_inner_flame,
          serial_shops, shop, roderic_filled_cross
D:10:     layout_layer_cave, kennysheep_little_box, erik_orc_2, serial_shops,
          shop, uniq_gastronok, uniq_harold
Temple:   minmay_freezing_vapour_temple

Skill      XL: |  1  2  3  4  5  6  7  8  9 10 |
---------------+-------------------------------+-----
Stealth        | 3 |  3.0
Conjurations   | 5 6 7 9 10 | 10.0
Spellcasting   | 3 4 5 6 |  6.0
Translocations | 2 4 5 6 |  6.0
Fighting       | 3 6 |  6.5
Poison Magic   | 4 7 |  7.8
Dodging        | |  2.1

Action                     |  1- 3 |  4- 6 |  7- 9 | 10-12 || total
---------------------------+-------+-------+-------+-------++-------
  Melee: Unarmed           |     8 |       |       |       ||     8
         Constrict         |     2 |     1 |     3 |     5 ||    11
         Tentacles         |     2 |     2 |     7 |     4 ||    15
         Dagger            |       |     5 |    13 |       ||    18
         Quarterstaff      |       |       |     4 |    20 ||    24
         Punch             |       |       |       |     1 ||     1
   Cast: Magic Dart        |    82 |   102 |   176 |    56 ||   416
         Searing Ray       |     1 |     7 |    20 |     2 ||    30
         Iskenderun's Myst |       |       |    37 |    41 ||    78
  Evoke: Wand              |       |       |       |     4 ||     4
    Use: Scroll            |       |     2 |     5 |     3 ||    10
         Potion            |       |       |     2 |       ||     2
   Stab: Sleeping          |       |     1 |       |       ||     1
 Armour: Skin              |     1 |     3 |     6 |     3 ||    13
  Dodge: Dodged            |    10 |    17 |    60 |    27 ||   114

Table legend: (Time is in decaauts)
 A = Elapsed time spent in this place.
 B = Non-inter-level travel time spent in this place.
 C = Inter-level travel time spent in this place.
 D = Time resting spent in this place.
 E = Time spent auto-exploring this place.
 F = Levels seen in this place.
 G = Mean time per level.
                   A        B        C        D        E       F      G
               +--------+--------+--------+--------+--------+-----+--------+
         Total |  12622 |  11150 |   1472 |   2422 |   5991 |  11 | 1147.5 |
       Dungeon |  12577 |  11105 |   1472 |   2422 |   5991 |  10 | 1257.7 |
        Temple |     45 |     45 |      0 |      0 |      0 |   1 |   45.0 |
               +--------+--------+--------+--------+--------+-----+--------+

Top non-repeatable levels by time:
     D:9: 2239 daAuts
     D:6: 1840 daAuts
     D:7: 1473 daAuts
     D:3: 1295 daAuts
     D:2: 1283 daAuts
     D:1: 1149 daAuts
     D:5: 1136 daAuts
     D:8: 981 daAuts
     D:4: 810 daAuts
    D:10: 367 daAuts
  Temple: 45 daAuts
